 Dungeon Crawl Stone Soup version 0.27.1 (webtiles) character file.

Game seed: 8142110152052404041

58 horus123 the Ducker (level 3, 0/21 HPs)
             Began as a Deep Elf Gladiator on Aug 22, 2021.
             Succumbed to an adder's poison
             ... on level 2 of the Dungeon.
             The game lasted 00:02:13 (1357 turns).

horus123 the Ducker (Deep Elf Gladiator)            Turns: 1357, Time: 00:02:14

Health: 0/21       AC:  4    Str: 11    XL:     3   Next: 76%
Magic:  5/5        EV: 13    Int: 12    God:
Gold:   55         SH:  0    Dex: 17    Spells: 2/2 levels left

rFire    . . .     SeeInvis .   a - +1 rapier
rCold    . . .     Faith    .   (no shield)
rNeg     . . .     Spirit   .   b - +0 leather armour
rPois    .         Reflect  .   c - +0 helmet
rElec    .         Harm     .   (no cloak)
rCorr    .         Rampage  .   (no gloves)
Will     .....                  (no boots)
Stlth    ++........             (no amulet)
HPRegen  0.07/turn              (no ring)
MPRegen  0.09/turn              (no ring)

@: lethally poisoned (0 -> -1)
A: no striking features
a: no special abilities


You were on level 2 of the Dungeon.
You visited 1 branch of the dungeon, and saw 2 of its levels.

You collected 55 gold pieces.

Inventory:

Hand Weapons
 a - a +1 rapier (weapon)
Missiles
 d - a throwing net (quivered)
 e - 3 boomerangs
Armour
 b - a +0 leather armour (worn)
 c - a +0 helmet (worn)


   Skills:
 * Level 2.1 Fighting
 + Level 3.5 Short Blades
 + Level 2.0 Throwing
 + Level 0.3 Armour
 * Level 4.3 Dodging
 * Level 1.4 Stealth


You had 2 spell levels left.
You didn't know any spells.
Your spell library was empty.

Dungeon Overview and Level Annotations

Branches:
Dungeon (2/15)

Altars:


Message History

You hit Natasha.
You kill Natasha!
Natasha growls in agony!
The white imp disappears in a puff of smoke!
You aren't carrying any potions.
Throw: 3 throwing nets
Press: ? - help, Q - select action, (/) - cycle Shift-Dir - straight line, f - adder
Aim: an adder (44% to hit)
You throw a throwing net. The throwing net hits the adder.
The adder is caught in the net!
The adder struggles against the net.
The adder struggles against the net. x2
The adder struggles against the net.
The net rips apart, and the adder comes free!
Throw: 2 throwing nets
Press: ? - help, Q - select action, (/) - cycle Shift-Dir - straight line, f/p - adder
Aim: an adder (44% to hit)
You throw a throwing net.
The throwing net closely misses the adder.
You hear a sizzling splash.
Found 2 murky red potions.
The adder bites you but does no damage. The adder closely misses you.
You closely miss the adder. The adder bites you but does no damage.
You hit the adder.
The adder is lightly wounded.
The adder misses you. The adder bites you.
* * * LOW HITPOINT WARNING * * *
You are lethally poisoned!
The adder poisons you!
You barely miss the adder.
The adder is lightly wounded.
* * * LOW HITPOINT WARNING * * *
You feel sick. The adder closely misses you.
You barely miss the adder.
The adder is lightly wounded.
* * * LOW HITPOINT WARNING * * *
You feel sick. The adder closely misses you.
You hit the adder but do no damage.
The adder is lightly wounded.
You die...

#.....##.≈§§≈≈≈≈≈
#......#≈........
#.....##≈.≈####≈.
###.....##≈.##
.......<##≈.#
##.##...##≈.# #.
#...##≈.## ≈# #
##..##≈.§####≈.≈#
.#.##≈.§S@...!≈#
.##..#.≈≈§≈≈≈≈≈.#
# #..+##########+
#..


You could see an adder.

Vanquished Creatures
  Natasha (D:2)
  An adder (D:2)
  4 endoplasms
  A giant cockroach (D:1)
  2 goblins (D:1)
  3 hobgoblins (D:1)
  3 kobolds (D:1)
  2 quokkas (D:1)
  2 ball pythons (D:1)
  2 frilled lizards (D:1)
  3 rats (D:1)
24 creatures vanquished.

Notes
Turn   | Place    | Note
-------+----------+-------------------------------------------
     0 | D:1      | horus123 the Deep Elf Gladiator began the quest for the
                  | Orb.
     0 | D:1      | Reached XP level 1. HP: 12/12 MP: 3/3
   166 | D:1      | Reached XP level 2. HP: 12/17 MP: 4/4
   427 | D:1      | Reached skill level 1 in Stealth
   611 | D:1      | Reached skill level 4 in Dodging
   615 | D:1      | Found a faded altar of an unknown god.
  1313 | D:2      | Noticed Natasha
  1318 | D:2      | Noticed a crimson imp
  1331 | D:2      | Reached XP level 3. HP: 16/21 MP: 5/5
  1340 | D:2      | Killed Natasha
  1356 | D:2      | HP: 1/21 [poisoned by an adder]
  1357 | D:2      | Succumbed to an adder's poison

Illustrated notes

Levels and vault maps discovered:
D:1:      lightli_arrival_statue_moat, layout_basic,
          shapermc_ecumenical_altar_notcrosses, minmay_tetromino_s2
D:2:      layout_rooms, hex_intersection, st_stairs_13, minmay_strange_pillars,
          kennysheep_pointless_box, uniq_crazy_yiuf_cottage, uniq_natasha,
          uniq_jessica

Skill      XL: |  1  2 |
---------------+-------+-----
Stealth        | 1 |  1.4
Dodging        | 4 |  4.3
Fighting       | 2 |  2.1
Short Blades   | |  3.5
Throwing       | |  2.0
Armour         | |  0.3

Action                   || total
-------------------------++-------
Melee: Rapier            ||    84
Throw: Throwing net      ||     2
  Use: Scroll            ||     3
       Potion            ||     2
 Stab: Sleeping          ||     1
Armor: Leather armour    ||    21
Dodge: Dodged            ||    50
